 Dungeon Crawl Stone Soup version 0.27-a0-1245-g940ed4fa31 (webtiles) character file.

Game seed: 1091716772516906182

1547 HoaS the Cruncher (level 8, -5/44 HPs)
             Began as a Gargoyle Gladiator on June 9, 2021.
             Killed by divine providence
             ... invoked by an orc priest
              (9 damage)
             ... on level 6 of the Dungeon.
             The game lasted 00:11:42 (6528 turns).

HoaS the Cruncher (Gargoyle Gladiator)              Turns: 6528, Time: 00:11:43

Health: -5/44      AC: 17    Str: 19    XL:     8   Next: 87%
Magic:  8/8        EV:  7    Int:  9    God:
Gold:   250        SH:  0    Dex: 12    Spells: 7/7 levels left

rFire    . . .     SeeInvis .   a - +1 quarterstaff
rCold    + . .     Faith    .   (shield currently unavailable)
rNeg     + . .     Spirit   .   d - +0 chain mail
rPois    ∞         Reflect  .   c - +1 helmet
rElec    +         Harm     .   (no cloak)
rCorr    .         Rampage  .   (no gloves)
Will     .....                  f - +1 pair of boots
Stlth    ..........             (no amulet)
HPRegen  0.14/turn              g - ring of protection from cold
MPRegen  0.11/turn              (no ring)

@: no status effects
A: sickness immunity, AC +5, negative energy resistance 1, electricity
resistance, torment resistance 1, petrification resistance
a: no special abilities


You were on level 6 of the Dungeon.
You visited 1 branch of the dungeon, and saw 6 of its levels.
You also visited: Sewer.

You collected 250 gold pieces.

Inventory:

Hand Weapons
 a - a +1 quarterstaff (weapon)
Missiles
 b - 19 poisoned darts
 l - 103 arrows
 n - a throwing net (quivered)
 u - 9 boomerangs
Armour
 c - a +1 helmet (worn)
 d - a +0 chain mail (worn)
 f - a +1 pair of boots (worn)
Jewellery
 g - a ring of protection from cold (left hand)
Wands
 j - a wand of acid (4)
Scrolls
 e - 2 scrolls of magic mapping
 h - a scroll of noise
 i - a scroll of fog
 m - 2 scrolls of teleportation
Potions
 k - 2 potions of brilliance {unknown}
 o - a potion of haste {unknown}
 p - a potion of attraction
 q - a potion of degeneration {unknown}
 s - a potion of curing


   Skills:
 - Level 2.1 Fighting
 * Level 11.1 Staves
 - Level 1.7 Throwing
 - Level 2.4 Dodging


You had 7 spell levels left.
You didn't know any spells.
Your spell library was empty.

Dungeon Overview and Level Annotations

Branches:
Dungeon (6/15)              Sewer (visited)
 Temple: D:4-7

Altars:
Okawaru
Uskayaw


Innate Abilities, Weirdness & Mutations

You are immune to sickness and miasma.
Your stone body is resilient. (AC +5)
You are immune to poison.
You resist negative energy. (rN+)
You are resistant to electric shocks. (rElec)
You are resistant to unholy torment.
You are immune to petrification.


Message History

The orc wizard flickers and vanishes!
The orc wizard hits you but does no damage.
Something hits you but does no damage.
You closely miss something.
The orc wizard gestures at you while chanting.
The puff of flame hits you. Something hits you but does no damage.
You miss something.
You hear some strange, mumbled words.
A puff of flame appears from out of thin air!
The puff of flame hits you but does no damage.
You're too confused to move!
Something hits you.
The orc wizard hits you but does no damage.
Something hits you but does no damage.
You're too confused to move!
The orc priest mumbles some strange prayers to Beogh against you.
Beogh smites you!
The orc wizard mumbles some strange words.
The orc wizard flickers and vanishes!
Something hits you but does no damage. x2
You closely miss something.
You feel less confused. Something hits you but does no damage.
Something hits you. x2
You hit something.
Reactivating autopickup.
You feel a bit more experienced. Something hits you but does no damage.
Deactivating autopickup; reactivate with Ctrl-A.
A centaur warrior zombie comes into view.
Something hits you but does no damage.
You barely miss the orc.
The orc priest mumbles some strange prayers to Beogh against you.
Beogh smites you!
* * * LOW HITPOINT WARNING * * *
You hit the orc.
The orc is heavily wounded.
Something hits you but does no damage. The orc hits you but does no damage.
Something hits you but does no damage.
You sock the orc!
You kill the orc!
The orc priest invokes the aid of Beogh against you.
Beogh smites you!
You die...

.###...... .#..[.>.
.##Z#..... .........
......... ......o.# .
#.#...{)# .
#.#.###@###
#.#.#..{..# ..#.###
#.#.#.#.#.#
........##.....#.#.#
....#......#.....#..
#...#.#.##.##########
......#.##.## >.
#.......# #
.##.#.##..#


You could see an orc priest and a centaur warrior zombie.

Vanquished Creatures
  An orc warrior (D:5)
  2 ice beasts (D:5)
  An ogre (D:5)
  A black bear (D:5)
  3 phantoms
  A wyvern zombie (D:5)
  A gnoll sergeant (D:6)
  A howler monkey (D:4)
  A jelly (D:4)
  2 bullfrog skeletons
  3 hounds
  8 orc wizards
  2 iguanas
  The ghost of Nosferatu13666 the Sneak, a weakling SpEn (D:4)
  4 gnolls (D:6)
  A howler monkey skeleton (D:4)
  4 adders
  3 river rats (D:4)
  A shadow imp (D:5)
  A white imp (D:5)
  An ufetubus (D:4)
  3 worms
  A dart slug (D:2)
  23 orcs
  2 bats
  9 endoplasms
  4 giant cockroaches
  7 hobgoblins
  17 jackals
  7 quokkas
  8 ball pythons
  7 frilled lizards
  2 goblins
  15 kobolds
  7 rats
155 creatures vanquished.

Vanquished Creatures (others)
  19 plants (Sewer)
19 creatures vanquished.

Grand Total: 174 creatures vanquished

Notes
Turn   | Place    | Note
-------+----------+-------------------------------------------
     0 | D:1      | HoaS the Gargoyle Gladiator began the quest for the Orb.
     0 | D:1      | Reached XP level 1. HP: 12/12 MP: 1/1
   317 | D:1      | Reached XP level 2. HP: 17/17 MP: 2/2
   886 | D:2      | Reached skill level 4 in Staves
   990 | D:2      | Reached XP level 3. HP: 18/21 MP: 3/3
  1083 | D:2      | Found a faded altar of an unknown god.
  1241 | D:2      | Reached XP level 4. HP: 15/26 MP: 4/4
  1637 | D:3      | Reached skill level 5 in Staves
  1768 | D:3      | You fall into a shaft and drop 1 floor!
  1780 | D:4      | Reached XP level 5. HP: 26/30 MP: 5/5
  1793 | D:4      | Found a runed translucent gate.
  1793 | D:4      | Found a runed translucent gate.
  1793 | D:4      | Noticed Nosferatu13666's ghost (weakling SpEn)
  1794 | D:4      | Found a runed translucent gate.
  1930 | D:4      | Reached skill level 6 in Staves
  1943 | D:4      | Found a glowing drain.
  1958 | Sewer    | Entered a sewer
  2769 | D:4      | Reached XP level 6. HP: 13/35 MP: 6/6
  3087 | D:4      | Reached skill level 7 in Staves
  3514 | D:4      | Found a hide-covered altar of Uskayaw.
  3586 | D:4      | Killed Nosferatu13666's ghost
  4074 | D:5      | Entered Level 5 of the Dungeon
  4206 | D:5      | Reached XP level 7. HP: 6/40 MP: 7/7
  4473 | D:5      | Reached skill level 8 in Staves
  4615 | D:5      | Reached skill level 9 in Staves
  4666 | D:5      | Reached XP level 8. HP: 8/44 MP: 8/8
  5234 | D:5      | HP: 2/44 [ogre/+0 giant club (19)]
  5236 | D:5      | Reached skill level 10 in Staves
  6235 | D:6      | Reached skill level 11 in Staves
  6455 | D:6      | Found an iron altar of Okawaru.
  6528 | D:6      | Killed from afar by an orc priest

Illustrated notes

Levels and vault maps discovered:
D:1:      lemuel_arrival_room, layout_basic
D:2:      layout_basic, hellmonk_ecumenical_altar_leap_of_faith,
          grunt_ministairs_9
D:3:      layout_loops_cross
D:4:      layout_rooms, lemuel_coloured_pillars_altar, portal_sewer_entry_e,
          gammafunk_ghost_split
D:5:      layout_loops_corners
D:6:      layout_loops_cross, overflow_temple_1_default

Skill      XL: |  1  2  3  4  5  6  7  8 |
---------------+-------------------------+-----
Staves         | 4 5 6 7 9 11 | 11.1
Fighting       | |  2.1
Throwing       | |  1.7
Dodging        | |  2.4

Action                   |  1- 3 |  4- 6 |  7- 9 || total
-------------------------+-------+-------+-------++-------
Melee: Quarterstaff      |   102 |   262 |   220 ||   584
Throw: Throwing net      |       |     1 |     3 ||     4
  Use: Scroll            |       |    13 |     1 ||    14
       Potion            |       |       |     1 ||     1
 Stab: Held in net/web   |       |       |     1 ||     1
Armor: Leather armour    |     7 |       |       ||     7
       Scale mail        |    42 |   102 |    84 ||   228
       Chain mail        |       |       |    62 ||    62
Dodge: Dodged            |    57 |   104 |    72 ||   233

Table legend: (Time is in decaauts)
 A = Elapsed time spent in this place.
 B = Non-inter-level travel time spent in this place.
 C = Inter-level travel time spent in this place.
 D = Time resting spent in this place.
 E = Time spent auto-exploring this place.
 F = Levels seen in this place.
 G = Mean time per level.
                   A        B        C        D        E       F      G
               +--------+--------+--------+--------+--------+-----+--------+
         Total |   6660 |   6489 |    171 |   1907 |   3449 |   7 |  951.4 |
       Dungeon |   5773 |   5602 |    171 |   1808 |   2853 |   6 |  962.2 |
         Sewer |    886 |    886 |      0 |     99 |    595 |   1 |  886.0 |
               +--------+--------+--------+--------+--------+-----+--------+

Top non-repeatable levels by time:
     D:5: 1992 daAuts
     D:4: 1188 daAuts
   Sewer: 886 daAuts
     D:1: 777 daAuts
     D:2: 734 daAuts
     D:3: 662 daAuts
     D:6: 417 daAuts
